 Dungeon Crawl Stone Soup version 0.30.1-9-gdf580d7c3d (webtiles) character file.

Game seed: 4949588207444039928

22789 CrazyBamboolord the Fighter (level 13, -9/148 HPs)
             Began as an Ogre Fighter on Oct 17, 2023.
             Was a High Priest of Okawaru.
             Drowned by a water nymph (13 damage)
             ... on level 2 of the Lair of Beasts.
             The game lasted 00:16:56 (14763 turns).

CrazyBamboolord the Fighter (Ogre Fighter)         Turns: 14763, Time: 00:16:57

Health: -9/148     AC: 25    Str: 27    XL:     13   Next: 2%
Magic:  17/17      EV: 12    Int:  9    God:    Okawaru [*****.]
Gold:   749        SH:  5    Dex:  8    Spells: 12/12 levels left

rFire   . . .        m - +7 staff of the Meek {protect, meekguard}
rCold   . . .        (shield currently unavailable)
rNeg    + . .        b - +0 steam dragon scales
rPois   +            (helmet restricted)
rElec   .            o - +0 cloak
rCorr   .            (gloves unavailable)
SInv    .            (boots unavailable)
Will    +....        E - amulet "Usakuukh" {Reflect Fly rPois rN+ SH+5}
Stlth   +            z - +4 ring of protection
HPRegen 0.44/turn    (no ring)
MPRegen 0.15/turn

%: reflection
@: about to teleport, under a protective aura, flying
A: large, unfitting armour, tough skin 1
a: Renounce Religion, Heroism, Finesse, Duel


You were on level 2 of the Lair of Beasts.
You worshipped Okawaru.
Okawaru was extremely pleased with you.
You visited 3 branches of the dungeon, and saw 14 of its levels.

You collected 749 gold pieces.

Inventory:

Hand Weapons
 a - a +0 trident
 m - the +7 staff of the Meek (weapon) {protect, meekguard}
   (You found it on level 3 of the Dungeon)
 G - a +0 bardiche of protection
Armour
 b - +0 steam dragon scales (worn)
 c - a +0 kite shield
 o - a +0 cloak (worn)
Jewellery
 x - a ring of ice
 z - a +4 ring of protection (left hand)
 E - the amulet "Usakuukh" (around neck) {Reflect Fly rPois rN+ SH+5}
   (You found it on level 11 of the Dungeon)

   [amulet of reflection]

   It reflects blocked missile attacks.
   rPois:     It protects you from poison.
   rN:        It protects you from negative energy.
   Fly:       It grants you flight.
   SH:        It affects your SH (+5).
 F - a ring of ice
Wands
 n - a wand of iceblast (23)
 y - a wand of flame (32)
 A - a wand of mindburst (7)
 I - a wand of paralysis (5)
 K - a wand of polymorph (5)
Scrolls
 e - a scroll of brand weapon {unknown}
 g - 2 scrolls of teleportation
 l - a scroll of poison
 p - 3 scrolls of fog {unknown}
 q - 3 scrolls of vulnerability
 r - 2 scrolls of torment {unknown}
 s - 3 scrolls of enchant armour {unknown}
 w - a scroll of amnesia {unknown}
 B - a scroll of enchant weapon {unknown}
 D - 3 scrolls of blinking {unknown}
 H - a scroll of magic mapping {unknown}
 J - a scroll of silence {unknown}
Potions
 d - 2 potions of might
 f - 4 potions of brilliance
 h - 3 potions of lignification
 i - 4 potions of haste
 j - 3 potions of flight
 t - a potion of invisibility {unknown}
 u - a potion of berserk rage {unknown}
 v - 2 potions of attraction {unknown}
 C - 2 potions of degeneration {unknown}


   Skills:
 * Level 14.7 Fighting
 * Level 11.4 Polearms
 * Level 10.6 Dodging
 + Level 8.5 Shields
 + Level 6.2 Invocations


You had 12 spell levels left.
You didn't know any spells.
Your spell library contained the following spells:

 Spells                   Type           Power      Damage    Failure   Level
 Ensorcelled Hibernation  Hex/Ice        0%         N/A       52%         2
 Passwall                 Tmut/Erth      0%         N/A       52%         2
 Sublimation of Blood     Necr           0%         N/A       52%         2
 Gell's Gravitas          Tloc           0%         N/A       77%         3
 Portal Projectile        Hex/Tloc       0%         N/A       77%         3
 Swiftness                Air            0%         N/A       77%         3
 Teleport Other           Tloc           0%         N/A       77%         3
 Vampiric Draining        Necr           0%         2d6       77%         3
 Leda's Liquefaction      Hex/Erth       0%         N/A       99%         4
 Dispersal                Tloc           0%         N/A       100%        6
 Call Canine Familiar     Summ           Unusable   N/A       N/A         3
 Animate Dead             Necr           Unusable   N/A       N/A         4

Dungeon Overview and Level Annotations

Branches:
Dungeon (11/15)            Temple (1/1) D:4            Lair (2/5) D:10
 Shoals (0/4) Lair:2        Snake (0/4) Lair:2
    Orc: D:9-12

Altars:
Ashenzari
Cheibriados
Dithmenos
Elyvilon
Fedhas
Gozag
Hepliaklqana
Kikubaaqudgha
Makhleb
Nemelex Xobeh
Okawaru
Qazlal
Ru
Sif Muna
Trog
Uskayaw
Vehumet
Wu Jian
Xom
Yredelemnul
Zin
The Shining One

Shops:
D:11 ?


Innate Abilities, Weirdness & Mutations

You are too large for most types of armour.
You have tough skin. (AC +1)


Message History

You sock the water nymph!
Your weapon exudes an aura of protection.
The water nymph is lightly wounded.
The water nymph misses you.
You hit the water nymph.
The water nymph is moderately wounded.
The water nymph touches you. The water nymph drowns you!
You are too injured to fight recklessly!
You are too injured to fight recklessly!
You are too injured to fight recklessly!
You are too injured to fight recklessly!
You are too injured to fight recklessly!
You are too injured to fight recklessly!
Unknown command.
You closely miss the water nymph.
The water nymph is moderately wounded.
The water nymph points at you and mumbles some strange words.
The water rises up and strikes you!
You sock the water nymph!
The water nymph is heavily wounded.
The water nymph casts a spell at you. The water rises up and strikes you!!
* * * LOW HITPOINT WARNING * * *
You hit the water nymph.
The water nymph is heavily wounded.
The water nymph casts a spell at you. The water rises up and strikes you!!
* * * LOW HITPOINT WARNING * * *
Unknown command.
You feel better. The water nymph touches you.
* * * LOW HITPOINT WARNING * * *
The water nymph drowns you!
* * * LOW HITPOINT WARNING * * *
Unknown command.
As you read the scroll of teleportation, it crumbles to dust.
You feel strangely unstable. The water nymph closely misses you.
Unknown command.
The water nymph attacks as you move away!
The water nymph touches you. The water nymph drowns you!
You die...

#...### ##.##~~ #.#.P. ### #### #
#~~♣ ##.## # #PP## ####♣~♣ #...#
#. ####...######...).÷ #...#
##.##P.......##....#.~♣
#..4..##...............##.#~~♣
#............#~@~#..........#♣~~
...[..6......#~#m~.#..#....####~~
#.....<..PP..#~~~~###......# ###
#........##...~~~.~##..#.###
#....#...##(.~~.>.~~~..###
########......~.~.~##..#
....#~~~~.~~.# ....~~#.##..
#....##~~ ...


You could see a water nymph.

Vanquished Creatures
  2 hydras
  A two-headed ogre (D:11)
  Amaemon (Lair:2)
  4 elephants
  2 gargoyles
  4 cane toads (Lair:1)
  A torpor snail (Lair:1)
  A rime drake (Lair:2)
  An orange demon (Lair:2)
  Maggie (D:7)
  2 komodo dragons
  A polar bear (Lair:1)
  A hornet (D:10)
  Prince Ribbit (D:9)
  9 blink frogs
  A slime creature (Lair:1)
  40 yaks
  A shadow (D:11)
  2 wyverns
  2 vampire mosquitoes (D:11)
  Edmund (D:6)
  2 nagas (Lair:2)
  An acid dragon (D:9)
  11 water moccasins
  A sky beast (D:8)
  5 orc warriors
  2 black bears
  3 wolves (Lair:1)
  An ogre (D:5)
  3 centaurs
  A phantom (D:5)
  A kobold brigand (D:9)
  10 bullfrogs
  A scorpion (D:5)
  21 wights
  19 killer bees
  5 howler monkeys
  3 electric eels (Lair:1)
  6 jellies
  8 orc priests
  3 hounds
  An iguana (D:5)
  8 orc wizards
  A mummy (D:5)
  10 adders
  2 white imps
  A worm (D:4)
  A dart slug (D:2)
  35 orcs
  8 ball pythons
  13 endoplasms
  A giant cockroach (D:2)
  3 goblins
  5 hobgoblins
  2 jackals (D:1)
  7 quokkas
  3 bats
  3 frilled lizards
  2 hobgoblin zombies (D:5)
  10 kobolds
  A kobold zombie (D:5)
  An orc zombie (D:5)
  8 rats
312 creatures vanquished.

Notes
Turn   | Place    | Note
-------+----------+-------------------------------------------
     0 | D:1      | CrazyBamboolord the Ogre Fighter began the quest for the
                  | Orb.
     0 | D:1      | Reached XP level 1. HP: 24/24 MP: 1/1
   132 | D:1      | Reached XP level 2. HP: 32/32 MP: 2/2
   378 | D:1      | Reached XP level 3. HP: 40/40 MP: 3/3
   894 | D:2      | Found a burning altar of Makhleb.
  1119 | D:3      | Found the +7 staff of the Meek {protect, meekguard}
  1312 | D:3      | Reached XP level 4. HP: 46/49 MP: 4/4
  1772 | D:4      | Noticed a black bear
  1777 | D:4      | Killed a black bear
  1778 | D:4      | Reached skill level 5 in Fighting
  1778 | D:4      | Reached XP level 5. HP: 49/57 MP: 5/5
  1972 | D:4      | Reached XP level 6. HP: 55/67 MP: 4/6
  2342 | D:4      | Found a staircase to the Ecumenical Temple.
  2600 | Temple   | Entered the Ecumenical Temple
  2675 | D:5      | Entered Level 5 of the Dungeon
  2798 | D:5      | Found a white marble altar of Elyvilon.
  2913 | D:5      | Reached skill level 6 in Fighting
  2983 | D:5      | Reached XP level 7. HP: 45/75 MP: 3/7
  3318 | D:5      | Reached skill level 7 in Fighting
  3527 | D:5      | Reached skill level 5 in Dodging
  3669 | D:5      | Reached skill level 5 in Polearms
  3669 | D:5      | Reached XP level 8. HP: 81/87 MP: 8/8
  3786 | D:6      | Noticed Edmund
  3793 | D:6      | Killed Edmund
  3970 | D:6      | Reached skill level 8 in Fighting
  4078 | D:6      | Found an ornate altar of the Wu Jian Council.
  4301 | D:6      | Reached skill level 5 in Shields
  4746 | D:6      | Reached XP level 9. HP: 48/96 MP: 4/9
  5035 | D:7      | Reached skill level 9 in Fighting
  5115 | D:7      | Noticed Maggie
  5127 | D:7      | Killed Maggie
  5510 | D:7      | Found a sacrificial altar of Ru.
  5511 | D:7      | Found a burning altar of Makhleb.
  5528 | D:7      | Found a sparkling altar of Nemelex Xobeh.
  5645 | D:7      | Reached skill level 10 in Fighting
  5664 | D:7      | Reached XP level 10. HP: 53/111 MP: 6/10
  5823 | D:7      | Found an iron altar of Okawaru.
  5836 | D:7      | Became a worshipper of Warmaster Okawaru
  6086 | D:8      | Reached skill level 1 in Invocations
  6379 | D:8      | Found a hazy altar of Hepliaklqana.
  6946 | D:8      | Reached * piety under Okawaru
  6957 | D:8      | Reached skill level 11 in Fighting
  7592 | D:9      | Noticed Prince Ribbit
  7623 | D:9      | Killed Prince Ribbit
  7892 | D:9      | Reached ** piety under Okawaru
  8320 | D:9      | Found a bloodstained altar of Trog.
  8335 | D:9      | Found a shimmering altar of Xom.
  8460 | D:9      | Noticed a gargoyle
  8474 | D:9      | Killed a gargoyle
  8475 | D:9      | Reached XP level 11. HP: 90/123 MP: 11/13
  8621 | D:9      | Found a blossoming altar of Fedhas.
  8769 | D:10     | Entered Level 10 of the Dungeon
  8771 | D:10     | Paralysed by a hornet for 1 turns
  8776 | D:10     | Reached skill level 12 in Fighting
  8953 | D:10     | Reached *** piety under Okawaru
  9183 | D:10     | Found a staircase to the Lair.
  9674 | D:11     | Identified the amulet "Usakuukh" {Reflect Fly rPois rN+
                  | SH+5}
  9681 | D:11     | Got the Encyclopedia of Corpses
  9816 | D:11     | Found Wapsush's Magic Scroll Shop.
  9834 | D:11     | Reached **** piety under Okawaru
  9861 | D:11     | Noticed a two-headed ogre
 10105 | D:11     | Killed a two-headed ogre
 10413 | Lair:1   | Entered Level 1 of the Lair of Beasts
 11122 | Lair:1   | Reached skill level 13 in Fighting
 11246 | Lair:1   | Reached ***** piety under Okawaru
 11266 | Lair:1   | Reached skill level 10 in Polearms
 11323 | Lair:1   | Reached XP level 12. HP: 55/136 MP: 15/15
 11616 | Lair:1   | Received a gift from Okawaru
 11892 | Lair:1   | Reached skill level 5 in Invocations
 12235 | Lair:1   | Reached skill level 10 in Dodging
 12791 | Lair:2   | Reached skill level 14 in Fighting
 12921 | Lair:2   | Received a gift from Okawaru
 13586 | Lair:2   | Noticed an eight-headed hydra
 13592 | Arena    | Entered the Arena
 13597 | Arena    | Killed an eight-headed hydra
 13626 | Lair:2   | Noticed Amaemon
 13922 | Lair:2   | Found a staircase to the Snake Pit.
 14077 | Lair:2   | Noticed an eight-headed hydra
 14094 | Lair:2   | Killed an eight-headed hydra
 14103 | Lair:2   | Killed Amaemon
 14519 | Lair:2   | Reached XP level 13. HP: 87/148 MP: 17/17
 14746 | Lair:2   | Found a staircase to the Shoals.
 14760 | Lair:2   | HP: 3/148 [drowned by a water nymph (12)]
 14763 | Lair:2   | Drowned by a water nymph

Illustrated notes

Levels and vault maps discovered:
D:1:      saegor_arrival_simple_c, layout_rooms
D:2:      layout_rooms, serial_forest, infiniplex_forest_end_2,
          infiniplex_forest_fountain, infiniplex_forest_lined_3,
          infiniplex_forest_clump_large, infiniplex_forest_clump_small,
          infiniplex_forest_corner_1, basic_altar, dk_noncrumbling_3
D:3:      layout_basic, serial_bayou_lagoon_b
D:4:      layout_loops_ring, minmay_temple_entry_statues_fountains,
          nicolae_figureground_sparkle
D:5:      minmay_razor_zed, layout_basic, elyvilon_altar_4, minmay_mini_ossuary
D:6:      layout_rooms, nzn_wu_jian_council_hall, uniq_edmund
D:7:      layout_rooms, okawaru_metal_pillars_1_2, grunt_temple_overflow_open,
          uniq_maggie
D:8:      layout_basic, mainiacjoe_overflow_concentric_impassable
D:9:      layout_stronghold, lemuel_coloured_pillars_altar,
          mainiacjoe_overflow_large_starburst, uniq_prince_ribbit1
D:10:     layout_loops_ring, lair_entry_dummy
D:11:     minmay_the_grid_triangle_9x9_rhombus_thin_mashed
          [minmay_the_grid_triangle_9x9_dagger,
          minmay_the_grid_triangle_9x9_prize_insulated,
          minmay_the_grid_triangle_9x9_sparse_checkered,
          minmay_the_grid_triangle_9x9_empty], layout_rooms,
          minmay_orc_entry_temple_small, serial_shops, shop, uniq_nergalle
Temple:   nicolae_temple_x_marks_the_god
Lair:1:   lemuel_slime, layout_long_grid, serial_bayou_ford_a,
          beast_lair_carwin_8, grunt_megastairs_2, lemuel_fruit_fields,
          infiniplex_staircase_pool
Lair:2:   layout_misc_corridors, nicolae_shoals_entry_flooding,
          guppyfry_snake_entry_garden, lemuel_fruit_tree, uniq_amaemon

Skill      XL: |  1  2  3  4  5  6  7  8  9 10 11 12 |
---------------+-------------------------------------+-----
Dodging        | 3 4 5 6 7 8 9 10 | 10.6
Fighting       | 5 6 7 8 10 11 13 14 | 14.7
Polearms       | 3 4 5 6 7 9 10 11 | 11.4
Shields        | 4 5 6 7 8 |  8.5
Invocations    | 3 4 6 |  6.2

Action                     |  1- 3 |  4- 6 |  7- 9 | 10-12 | 13-15 || total
---------------------------+-------+-------+-------+-------+-------++-------
  Melee: Trident           |    93 |       |       |       |       ||    93
         Quarterstaff      |    21 |    94 |   262 |   660 |    14 ||  1051
         Halberd           |       |       |       |   115 |       ||   115
 Invoke: Heroism           |       |       |       |     3 |       ||     3
         Duel              |       |       |       |     1 |       ||     1
    Use: Scroll            |     2 |     2 |     1 |     8 |     1 ||    14
         Potion            |       |       |       |     5 |     1 ||     6
 Armour: Robe              |    28 |    41 |    95 |       |       ||   164
         Steam dragon scal |       |       |    43 |   448 |     1 ||   492
         Skin              |       |       |       |    60 |       ||    60
  Dodge: Dodged            |    46 |    40 |   169 |   543 |     2 ||   800
  Block: Kite shield       |    39 |       |       |       |       ||    39
         Other             |       |       |       |   185 |     1 ||   186
